 Dungeon Crawl Stone Soup version 0.21-a0-401-g0b6bec4 (webtiles) character file.

38 coolcat the Firebug (level 3, -6/14 HPs)
             Began as a Felid Fire Elementalist on Oct 21, 2017.
             Killed by nerve-wracking pain
             ... invoked by Jessica
              (9 damage)
             ... on level 2 of the Dungeon.
             The game lasted 00:03:37 (844 turns).

coolcat the Firebug (Felid Fire Elementalist)        Turns: 844, Time: 00:03:38

Health: -6/14      AC:  1    Str:  4    XL:     3   Next: 25%
Magic:  0/7        EV: 18    Int: 17    God:
Gold:   51         SH:  0    Dex: 16    Spells: 2/6 levels left
                                        Lives:  0   Deaths: 0

rFire    . . .     SeeInvis +   (weapon unavailable)
rCold    . . .     Gourm    .   (shield unavailable)
rNeg     . . .     Faith    .   (armour unavailable)
rPois    .         Spirit   .   (helmet unavailable)
rElec    .         Reflect  .   (cloak unavailable)
rCorr    .         Harm     .   (gloves unavailable)
MR       .....                  (boots unavailable)
Stlth    +++.......             (no amulet)
HPRegen  0.04/turn              (no ring)
MPRegen  0.10/turn              (no ring)

@: very slightly contaminated, quick
A: no armour, no weapons or thrown items, stealth, claws 1, fangs 3, see
invisible, carnivore 3, speed 1, shaggy fur 1, slow metabolism 1, sharp paws
a: no special abilities


You were on level 2 of the Dungeon.
You were completely stuffed.

You visited 1 branch of the dungeon, and saw 2 of its levels.

You collected 51 gold pieces.

Inventory:

Scrolls
 c - a scroll of remove curse
 f - a scroll of blinking
Potions
 e - 2 potions of might
 h - a potion of ambrosia
 i - a potion of lignification
Books
 a - a book of Flames

   Spells                             Type                      Level
   a - Flame Tongue                   Conjuration/Fire             1
   b - Throw Flame                    Conjuration/Fire             2
   c - Conjure Flame                  Conjuration/Fire             3
   d - Inner Flame                    Hexes/Fire                   3
   e - Sticky Flame                   Conjuration/Fire             4
   f - Fireball                       Conjuration/Fire             5
Comestibles
 b - a meat ration
 g - a chunk of flesh


   Skills:
 - Level 2.6 Dodging
 - Level 2.6 Stealth
 - Level 2.0 Spellcasting
 + Level 2.1 Conjurations
 + Level 3.4 Fire Magic


You had 2 spell levels left.
You knew the following spells:

 Your Spells              Type           Power        Failure   Level  Hunger
a - Flame Tongue          Conj/Fire      ##...        6%          1    #......
b - Conjure Flame         Conj/Fire      ##......     19%         3    ###....


Dungeon Overview and Level Annotations

Branches:
Dungeon (2/15)

Altars:

Annotations:
D:2 Jessica


Innate Abilities, Weirdness & Mutations

You cannot wear armour.
You are incapable of wielding weapons or throwing items.
Your paws allow you to move quietly. (Stealth)
You have sharp claws.
You have razor-sharp teeth.
You have supernaturally acute eyesight. (SInv)
You are carnivorous and can eat meat at any time.
You cover ground quickly.
You are covered in fur. (AC +1)
You have a slow metabolism.
Your sharp claws are effective at attacking unaware monsters.


Message History

Pain shoots through your body!
Casting: Flame Tongue
Confirm with . or Enter, or press ? or * to list all spells.
Aiming: Flame Tongue
Press: ? - help, Shift-Dir - straight line, f/p - Jessica
Aim: Jessica, wearing a robe (heavily wounded, fast, slightly transparent)
The flame tongue misses Jessica.
Jessica hits you.
* * * LOW HITPOINT WARNING * * *
Jessica completely misses you.
Casting: Flame Tongue
Confirm with . or Enter, or press ? or * to list all spells.
Aiming: Flame Tongue
Press: ? - help, Shift-Dir - straight line, f/p - Jessica
Aim: Jessica, wearing a robe (heavily wounded, fast, slightly transparent)
The flame tongue hits Jessica.
Jessica appears unharmed.
Jessica is heavily wounded.
Jessica points at you and mumbles some strange words.
Pain shoots through your body!
Ouch! That really hurt!
You die...

### #<# #.# #@# #@#
#######.#####
##########...........#
.....................#
+######.%.......)....#
....................###
......>................
.......................


You could see Jessica (invisible).

Vanquished Creatures
  A gnoll (D:1)
  2 dart slugs (D:1)
  2 leopard geckos (D:1)
  2 giant cockroaches (D:1)
  2 goblins (D:1)
  2 hobgoblins (D:1)
  6 bats (D:1)
  2 kobolds
  5 rats (D:1)
24 creatures vanquished.

Notes
Turn   | Place    | Note
-------+----------+-------------------------------------------
     0 | D:1      | coolcat the Felid Fire Elementalist began the quest for the Orb.
     0 | D:1      | Reached XP level 1. HP: 7/7 MP: 4/4
    28 | D:1      | Reached skill level 1 in Conjurations
    28 | D:1      | Reached skill level 3 in Fire Magic
    28 | D:1      | Reached XP level 2. HP: 11/11 MP: 0/6
   454 | D:1      | Reached XP level 3. HP: 14/14 MP: 1/7
   459 | D:1      | Learned a level 3 spell: Conjure Flame
   793 | D:2      | Noticed Jessica
   844 | D:2      | Killed from afar by Jessica

Vault maps used:
D:1:      nzn_arrival_depleted_hourglass, minmay_tetromino_s4
D:2:      kennysheep_big_flooded_room, grunt_temple_overflow_cloverleaf,
          lemuel_round_altar, chequers_ecumenical_altar_lobes, uniq_terence,
          uniq_jessica

Skill      XL: |  1  2 |
---------------+-------+-----
Conjurations   | 1 2 |  2.1
Fire Magic     | 3 |  3.4
Dodging        | |  2.6
Stealth        | |  2.6
Spellcasting   | |  2.0

Action                   || total
-------------------------++-------
Melee: Unarmed           ||    12
 Cast: Flame Tongue      ||    46
  Use: Scroll            ||     5
  Eat: Chunk             ||     8
Armor: Skin              ||     3
Dodge: Dodged            ||    27

Table legend:
 A = Spawn XP
 B = Non-spawn XP
 C = Spawn XP percentage of total XP
 D = Spawn monster count
 E = Non-spawn monster count
 F = Spawn count percentage of total count
 G = Total turns spent on level
                    A         B        C        D         E        F      G
               +---------+---------+-------+---------+---------+-------+---------
         Total |       0 |      55 |   0.0 |       0 |      24 |   0.0 |   844
               +---------+---------+-------+---------+---------+-------+---------
           D:1 |       0 |      54 |   0.0 |       0 |      23 |   0.0 |   770
           D:2 |       0 |       1 |   0.0 |       0 |       1 |   0.0 |    74
               +---------+---------+-------+---------+---------+-------+---------
